Map: Dusk Towers

Players

IIIIIIIIIIII - Winner!

  • Race: Terran Terran
  • League: Grandmaster

Miszu

  • Race: Terran Terran
  • League: Master

VOD

Have the link to the VOD?

Description

Time

  • Played on: May 2, 2016, 2:24 p.m.
  • Length: 3:42
Show
View Real Time Build Order
Export as new Build Order

IIIIIIIIIIII Terran - Winner!

Build Orders:  

Get SALT Encoding   

  12  0:01  SCV  
  13  0:13  Supply Depot  
  13  0:34  Refinery  
  13  0:43  Barracks  
  13  0:54  Barracks  
  13  1:21  Refinery  
  13  1:30  Reaper  
  14  1:34  Barracks  
  14  1:43  Reaper  
  15  2:03  Reaper  
  16  2:15  Reaper  
  16  2:34  Reaper  
  16  2:35  Reaper  
  18  2:47  Reaper  
  19  3:06  Reaper  
  19  3:07  Reaper  
Show
View Real Time Build Order
Export as new Build Order

Miszu Terran 

Build Orders:  

Get SALT Encoding   

  12  0:00  SCV  
  13  0:13  SCV  
  14  0:18  Supply Depot  
  14  0:25  SCV  
  15  0:30  Refinery  
  15  0:40  SCV  
  16  0:44  Barracks  
  16  0:52  SCV  
  17  0:57  Refinery  
  17  1:04  SCV  
  18  1:16  SCV  
  19  1:28  SCV  
  20  1:33  Factory  
  20  1:36  Reaper  
  21  1:41  Orbital Command  
  21  1:48  Supply Depot  
  21  2:06  SCV  
  22  2:08  Reaper  
  22  2:18  SCV  
  22  2:19  Hellion  
  25  2:30  SCV  
  25  2:37  Supply Depot  
  25  2:40  Reaper  
  25  2:43  SCV  
  25  2:52  Hellion  
  25  2:55  SCV  
  28  3:04  Starport  
  28  3:07  SCV  
  29  3:13  Hellion  
  29  3:19  SCV  
Tags
 
Add a new tag
Caveats
  • Supply blocks, unpowered buildings, or Contaminate may cause inaccurate times.
  • Supply counts are checked every 10 seconds.